AoeStats
← Smelltheloud370

Arabia

509033664Analyzed
3v3 RM · 6d ago on Sep 25, 2026· 103m 35s· 6 players
Game mode
Random Map
Map size
Normal (6 player)
Population
200
Speed
Normal
Resources
Standard
Victory
Conquest
Starting age
Dark Age
Ending age
Imperial Age
RankedLock teamsTeams togetherTeam positionsShared explorationLock speedFull tech treeHidden civsTurbo modeCheats
Victory
Defeat
🇺🇸 Dravidians · United States
691
+15
🇺🇸 Georgians · United States
687
+15
🇺🇸 Italians · United States
686
+15
🇮🇳 Goths · India
753
-18
🇨🇳 Byzantines · China
676
-15
🇨🇳 Slavs · China
595
-12
槑槑
9:21 Loom
12:26 Feudal Age
12:54 Double-Bit Axe
13:02 Horse Collar
14:39 Padded Archer Armor
14:48 Scale Mail Armor
17:45 Forging
18:55 Wheelbarrow
20:19 Gold Mining
24:22 Castle Age
22:58 Fletching
24:15 Stone Mining
28:22 Gold Shaft Mining
28:06 Bow Saw
28:00 Heavy Plow
29:21 Hand Cart
32:05 Scale Barding Armor
35:35 Imperial Age
35:29 Stone Shaft Mining
37:59 Two-Man Saw
39:23 Chain Barding Armor
39:20 Chain Mail Armor
39:48 Iron Casting
41:48 Logistica
45:15 Elite Cataphract
46:35 Plate Barding Armor
48:11 Murder Holes
48:01 Treadmill Crane
48:18 Elite Varangian Guard
51:01 Chain Mail Armor
53:48 Sanctity
53:55 Fervor
55:02 Hoardings
56:51 Plate Mail Armor
56:27 Bodkin Arrow
57:09 Caravan
57:42 Coinage
57:24 Guilds
76:15 Ballistics
78:28 Guard Tower
78:37 Heavy Camel Rider
80:27 Keep
81:03 Chemistry
80:43 Husbandry
82:36 Bombard Tower
95:29 Banking
湛叔
1:12 Loom
12:25 Feudal Age
13:07 Double-Bit Axe
13:13 Horse Collar
15:16 Wheelbarrow
17:04 Stone Mining
17:04 Gold Mining
25:51 Castle Age
24:24 Scale Mail Armor
24:34 Forging
27:26 Gold Shaft Mining
27:09 Hand Cart
27:07 Bow Saw
27:02 Heavy Plow
34:52 Imperial Age
33:13 Man-at-Arms
33:14 Pikeman
33:54 Squires
34:15 Chain Mail Armor
34:35 Iron Casting
34:30 Long Swordsman
35:50 Two-Handed Swordsman
37:04 Plate Mail Armor
37:34 Blast Furnace
37:14 Capped Ram
39:13 Champion
39:31 Siege Ram
40:49 Conscription
44:18 Elite Boyar
45:01 Druzhina
53:05 Halberdier
54:01 Scale Barding Armor
58:37 Detinets
58:08 Heavy Scorpion
65:46 Chain Barding Armor
68:13 Coinage
67:45 Caravan
74:32 Plate Barding Armor
77:17 Husbandry
77:27 Bloodlines
77:41 Cavalier
85:50 Onager
90:41 Banking
91:34 Siege Onager
94:58 Chemistry
94:18 Ballistics
94:01 Murder Holes
94:22 Siege Engineers
99:01 Elite Skirmisher
101:28 Padded Archer Armor
101:19 Fletching
betalbaadshah
0:57 Loom
15:04 Feudal Age
16:52 Double-Bit Axe
16:49 Horse Collar
17:02 Gold Mining
17:05 Stone Mining
17:57 Wheelbarrow
17:09 Town Watch
22:21 Castle Age
21:29 Forging
21:19 Scale Mail Armor
21:53 Town Watch
25:56 Bow Saw
32:40 Squires
32:00 Pikeman
32:44 Anarchy
33:27 Iron Casting
33:08 Chain Mail Armor
33:12 Hand Cart
32:58 Town Patrol
42:05 Man-at-Arms
43:16 Long Swordsman
47:59 Imperial Age
50:43 Conscription
51:31 Two-Man Saw
50:23 Long Swordsman
55:07 Heavy Plow
55:45 Stone Shaft Mining
56:15 Blast Furnace
55:06 Fletching
55:16 Padded Archer Armor
55:22 Scale Barding Armor
55:21 Caravan
55:31 Guilds
56:14 Capped Ram
56:15 Onager
56:27 Onager
57:55 Heavy Scorpion
57:59 Elite Skirmisher
60:32 Heavy Cavalry Archer
64:52 Halberdier
64:54 Two-Handed Swordsman
65:30 Champion
68:06 Crossbowman
WomenMissMe
11:28 Feudal Age
12:30 Horse Collar
12:42 Double-Bit Axe
21:06 Castle Age
19:57 Scale Barding Armor
21:22 Gold Mining
21:26 Stone Mining
22:00 Forging
25:00 Husbandry
25:54 Heavy Plow
29:21 Fletching
29:41 Padded Archer Armor
30:19 Murder Holes
30:46 Ballistics
30:36 Bodkin Arrow
31:34 Man-at-Arms
36:40 Imperial Age
37:51 Bracer
38:58 Chemistry
38:50 Leather Archer Armor
38:53 Thumb Ring
42:32 Elite Genoese Crossbowman
43:42 Squires
44:47 Ring Archer Armor
45:09 Pikeman
54:55 Iron Casting
54:11 Long Swordsman
54:58 Scale Mail Armor
58:56 Two-Handed Swordsman
60:44 Blast Furnace
60:08 Masonry
62:02 Champion
66:11 Chain Mail Armor
90:46 Plate Mail Armor
Smelltheloud370
13:18 Feudal Age
14:31 Double-Bit Axe
19:02 Man-at-Arms
19:31 Arson
19:54 Scale Mail Armor
21:00 Horse Collar
25:13 Castle Age
25:19 Long Swordsman
26:00 Squires
29:21 Forging
32:19 Gold Mining
33:16 Chain Mail Armor
39:47 Heavy Plow
44:35 Imperial Age
44:48 Two-Handed Swordsman
45:51 Champion
55:26 Plate Mail Armor
56:06 Iron Casting
59:32 Blast Furnace
59:37 Wootz Steel
60:27 Gambesons
BATLEFIELD KING
0:41 Loom
12:31 Feudal Age
14:36 Wheelbarrow
13:47 Town Watch
17:32 Horse Collar
22:29 Fletching
29:48 Castle Age
31:14 Bodkin Arrow
31:54 Ballistics
32:27 Guard Tower
34:41 Heavy Plow
35:48 Double-Bit Axe
35:58 Gold Mining
36:02 Stone Mining
36:53 Hand Cart
36:38 Town Patrol
37:21 Svan Towers
39:52 Imperial Age
38:40 Forging
38:36 Scale Barding Armor
39:33 Bow Saw
40:06 Stone Shaft Mining
41:27 Iron Casting
41:13 Chain Barding Armor
40:45 Elite Monaspa
42:04 Keep
41:15 Arrowslits
42:55 Chemistry
43:11 Conscription
45:07 Bracer
49:22 Crop Rotation
52:34 Murder Holes
53:43 Blast Furnace
53:19 Plate Barding Armor
64:24 Bloodlines
64:16 Husbandry
90:47 Guilds
102:08 Caravan
Connection lost

Rejoining the realm…

Still unreachable

The connection could not be restored.

Session expired

The server has moved on; the page needs a fresh start.